 Dungeon Crawl Stone Soup version 0.29-a0-617-g7a6b98fccd (webtiles) character file.

Game seed: 4133695496289305471

507 Vylera the Slasher (level 7, -4/33 HPs)
             Began as a Vine Stalker Wanderer on June 18, 2022.
             Was a Believer of the Shining One.
             Slain by an iguana (12 damage)
             ... on level 4 of the Dungeon.
             The game lasted 00:08:27 (3343 turns).

Vylera the Slasher (Vine Stalker Wanderer)          Turns: 3343, Time: 00:08:28

Health: -4/33      AC:  2    Str: 11    XL:     7   Next: 18%
Magic:  0/13       EV: 10    Int: 13    God:    the Shining One [**....]
Gold:   161        SH:  6    Dex: 24    Spells: 12/13 levels left

rFire   . . .      SeeInvis .   a - +2 falchion
rCold   . . .      Faith    .   b - +0 buckler
rNeg    + . .      Spirit   +   d - +0 robe
rPois   .          Reflect  .   (no helmet)
rElec   .          Harm     .   (no cloak)
rCorr   .          Rampage  .   (no gloves)
Will    .....                   (no boots)
Stlth   +.........              n - amulet of regeneration
HPRegen 1.71/turn               i - +6 ring of dexterity
MPRegen 0.13/turn               (no ring)

@: glowing
A: fangs 2, regeneration 1, magic shield, antimagic bite, no potion heal 2
a: Renounce Religion, Divine Shield


You were on level 4 of the Dungeon.
You worshipped the Shining One.
The Shining One was pleased with you.
You visited 1 branch of the dungeon, and saw 4 of its levels.
You also visited: Sewer.

You collected 161 gold pieces.

Inventory:

Hand Weapons
 a - a +2 falchion (weapon)
 g - a +1 short sword of protection
Missiles
 t - a throwing net
Armour
 b - a +0 buckler (worn)
 d - a +0 robe (worn)
Jewellery
 f - a ring of fire
 i - a +6 ring of dexterity (left hand)
 n - an amulet of regeneration (around neck)
 y - an amulet of faith
Wands
 v - a wand of charming (7)
 A - a wand of flame (8)
Scrolls
 j - 2 scrolls of poison
 l - a scroll of teleportation
 m - 3 scrolls of immolation
 q - a scroll of summoning {unknown}
 w - 2 scrolls of identify
 x - a scroll of enchant weapon {unknown}
Potions
 c - a potion of berserk rage
 e - a potion of mutation {unknown}
 h - a potion of cancellation {unknown}
 k - a potion of degeneration {unknown}
 o - a potion of heal wounds {unknown}
 p - 3 potions of resistance
 r - 2 potions of magic {unknown}
 s - a potion of curing {unknown}
 u - 2 potions of haste {unknown}
 z - a potion of lignification {unknown}


   Skills:
 - Level 1.0 Fighting
 * Level 5.0 Long Blades
 - Level 1.0 Armour
 - Level 1.2 Stealth
 + Level 3.1 Shields
 - Level 3.6 Spellcasting
 - Level 1.9 Necromancy
 + Level 0.2 Earth Magic
 - Level 3.0 Invocations


You had 12 spell levels left.
You knew the following spells:

 Your Spells              Type           Power      Damage    Failure   Level
a - Sandblast             Erth           4%         2d4       26%         1

Your spell library contained the following spells:

 Spells                   Type           Power      Damage    Failure   Level
 Necrotize                Necr           28%        1d5       13%         1
 Vampiric Draining        Necr           7%         2d6       36%         3
 Passwall                 Tmut/Erth      1%         N/A       38%         2
 Stone Arrow              Conj/Erth      4%         3d7       63%         3
 Gell's Gravitas          Tloc           2%         N/A       65%         3
 Teleport Other           Tloc           2%         N/A       65%         3
 Dispersal                Tloc           1%         N/A       100%        6


Dungeon Overview and Level Annotations

Branches:
Dungeon (4/15)              Sewer (visited)
 Temple: D:4-7

Altars:
The Shining One


Innate Abilities, Weirdness & Mutations

You have extremely sharp teeth.
Your natural rate of healing is unusually fast.
When hurt, damage is shared between your health and your magic reserves.
Your bite disrupts and absorbs the magic of your enemies.
Potions cannot restore your health.


Message History

You block the gnoll's attack.
You slash the gnoll!
The gnoll is severely wounded.
The gnoll hits you with a +0 club.
An endoplasm comes into view.
The gnoll barely misses you.
You slash the gnoll!
You kill the gnoll!
An adder comes into view.
You block the gnoll's attack.
Your Long Blades skill increases to level 5!
You hit the iguana but do no damage. You bite the iguana. You drain its power.
You feel invigorated.
The iguana is lightly wounded.
The gnoll closely misses you. You block the iguana's attack.
You slash the iguana!
The iguana is heavily wounded.
You block the gnoll's attack. The iguana bites you!
The gnoll barely misses you. x3
You hit the iguana.
The iguana is severely wounded.
You block the gnoll's attack. The gnoll hits you with a +0 flail.
The iguana bites you! The gnoll closely misses you. The gnoll misses you.
Unknown command.
The gnoll attacks as you move away! You block the gnoll's attack.
The iguana attacks as you move away! The iguana bites you.
The gnoll hits you with a +0 club! The gnoll attacks as you move away!
You block the gnoll's attack. The gnoll attacks as you move away!
You block the gnoll's attack.
You barely miss the gnoll. The gnoll closely misses you.
You hit the iguana. You bite the iguana. You drain its power.
You feel invigorated.
The iguana is almost dead.
The gnoll hits you with a +0 club. The iguana bites you.
You hit the iguana but do no damage.
The iguana is almost dead.
The iguana bites you!
* * * LOW HITPOINT WARNING * * *
The gnoll closely misses you. The iguana bites you!
You die...

..... ... .$..# ..
#... .# #####..#.#
.......J.# #hS# #gg##
##gl# #@g## #...#
##..# #..# #..#
######### #######..##
#.......# #.........#
#.#####.#
#.........####.# #.#
#..............#####.#


You could see an iguana, a hound, 4 gnolls, an adder and an endoplasm.

Vanquished Creatures
  A water moccasin (Sewer)
  Pargi (D:3)
  Natasha (thrice) (D:2)
  5 gnolls
  9 adders
  2 worms (D:2)
  5 dart slugs
  5 orcs (D:4)
  10 ball pythons
  5 endoplasms
  2 giant cockroaches
  5 goblins
  6 hobgoblins
  10 jackals
  6 kobolds
  2 quokkas
  6 bats
  9 frilled lizards
  4 rats
96 creatures vanquished.

Notes
Turn   | Place    | Note
-------+----------+-------------------------------------------
     0 | D:1      | Vylera the Vine Stalker Wanderer began the quest for the
                  | Orb.
     0 | D:1      | Vylera set off with the following items: a +2 falchion, a
                  | +0 buckler, a potion of berserk rage, a +0 robe; and the
                  | following spell memorised: Necrotize; and the following
                  | spells available to memorise: Vampiric Draining.
     0 | D:1      | Reached XP level 1. HP: 10/10 MP: 3/3
    91 | D:1      | Reached XP level 2. HP: 8/14 MP: 3/5
   274 | D:1      | Found a faded altar of an unknown god.
   293 | D:1      | Prayed at the altar of an unknown god.
   293 | D:1      | Became a worshipper of the Shining One
   293 | D:1      | Reached * piety under the Shining One
   492 | D:1      | Reached XP level 3. HP: 6/18 MP: 6/6
  1384 | D:2      | Reached skill level 4 in Long Blades
  1411 | D:2      | Noticed Natasha
  1419 | D:2      | Killed Natasha
  1420 | D:2      | Reached skill level 1 in Invocations
  1420 | D:2      | Gained mutation: Your natural rate of healing is unusually
                  | fast. [Vine Stalker growth]
  1420 | D:2      | Reached XP level 4. HP: 16/22 MP: 5/8
  1461 | D:2      | Noticed Natasha
  1472 | D:2      | Killed Natasha
  1793 | D:2      | Reached XP level 5. HP: 25/25 MP: 9/9
  1892 | D:2      | Noticed Natasha
  1892 | D:2      | Reached ** piety under the Shining One
  1900 | D:2      | Killed Natasha
  2528 | D:3      | Found a glowing drain.
  2536 | Sewer    | Entered a sewer
  2543 | Sewer    | Reached XP level 6. HP: 30/30 MP: 9/11
  2650 | Sewer    | Noticed a water moccasin
  2656 | Sewer    | Killed a water moccasin
  3019 | D:3      | Noticed Pargi
  3028 | D:3      | Killed Pargi
  3029 | D:3      | Reached XP level 7. HP: 28/33 MP: 10/13
  3215 | D:3      | Learned a level 1 spell: Sandblast
  3335 | D:4      | Reached skill level 5 in Long Blades
  3343 | D:4      | Slain by an iguana

Illustrated notes

Levels and vault maps discovered:
D:1:      amcnicky_arrival_choice, layout_rooms,
          hellmonk_ecumenical_altar_dog_temple, minmay_tetromino_s4
D:2:      layout_loops_corners, minmay_puff, uniq_natasha
D:3:      minmay_inner_zag, layout_basic, portal_sewer_entry_a, uniq_pargi
D:4:      layout_basic

Skill      XL: |  1  2  3  4  5  6  7 |
---------------+----------------------+-----
Long Blades    | 4 5 |  5.0
Spellcasting   | 2 3 |  3.6
Invocations    | 1 2 3 |  3.0
Shields        | 2 3 |  3.1
Fighting       | |  1.0
Armour         | |  1.0
Stealth        | |  1.2
Necromancy     | |  1.9
Earth Magic    | |  0.2

Action                   |  1- 3 |  4- 6 |  7- 9 || total
-------------------------+-------+-------+-------++-------
Melee: Falchion          |    67 |   106 |    31 ||   204
       Bite              |    13 |    34 |     8 ||    55
  Use: Scroll            |       |     7 |       ||     7
 Stab: Sleeping          |     1 |       |       ||     1
Armor: Robe              |    11 |    17 |       ||    28
Dodge: Dodged            |    44 |    35 |    15 ||    94
Block: Buckler           |    23 |    28 |    17 ||    68

Table legend: (Time is in decaauts)
 A = Elapsed time spent in this place.
 B = Non-inter-level travel time spent in this place.
 C = Inter-level travel time spent in this place.
 D = Time resting spent in this place.
 E = Time spent auto-exploring this place.
 F = Levels seen in this place.
 G = Mean time per level.
                   A        B        C        D        E       F      G
               +--------+--------+--------+--------+--------+-----+--------+
         Total |   3405 |   3304 |    101 |      0 |   2550 |   5 |  681.0 |
       Dungeon |   3156 |   3055 |    101 |      0 |   2414 |   4 |  789.0 |
         Sewer |    248 |    248 |      0 |      0 |    136 |   1 |  248.0 |
               +--------+--------+--------+--------+--------+-----+--------+

Top non-repeatable levels by time:
     D:2: 1416 daAuts
     D:1: 1007 daAuts
     D:3: 626 daAuts
   Sewer: 248 daAuts
     D:4: 105 daAuts
